Cogmind - Beta 16 @@@ ROGUE MODE // 2026.01.28 @ 21:34:27 Player: Merc Result: Destroyed by S-10 Pest with Light Assault Rifle Performance ------------- Evolutions (0) 0 Regions Visited (1) 200 Robots Destroyed (8) 40 Value Destroyed (250) 250 Prototype IDs (0) 0 Alien Tech Used (0) 0 Bonus (0) 0 TOTAL SCORE: 490 Bonus ------- None Cogmind --------- Core Integrity 0/250 Matter 300/300 Energy 250/250 System Corruption 0% Temperature Cool (0) Movement Rolling (90) Location -10/Materials Parts ------- > --- POWER (1) -------- Ion Engine > --- PROPULSION (2) --- Armored Wheel Armored Wheel > --- UTILITY (2) ------ Heat Sink Small Storage Unit > --- WEAPON (2) ------- Small Laser Small Laser > --- INVENTORY (8) ---- Light Ion Engine Armored Wheel Armored Wheel Particle Gun Peak State ------------ > --- POWER ------------ Light Ion Engine > --- PROPULSION ------- Armored Wheel Armored Wheel > --- UTILITY ---------- Heat Sink Small Storage Unit > --- WEAPON ----------- Small Laser Small Laser > --- INVENTORY -------- Armored Wheel Armored Wheel Particle Gun [Rating: 9] Favorites ----------- Power Ion Engine Engine Ion Engine Propulsion Armored Wheel Leg Aluminum Leg Wheel Armored Wheel Utility Small Storage Unit Device Heat Sink Storage Small Storage Unit Weapon Particle Gun Energy Gun Particle Gun Ballistic Gun Assault Rifle Build | -11 -10 ------- Run | Yrd Mat Slots Evolved . | . . Power . | . . Propulsion . | . . Utility . | . . Weapon . | . . Parts Attached 14 | 6 8 Power 3 | 1 2 Engine 3 | 1 2 Core . | . . Reactor . | . . Propulsion 4 | 2 2 Treads . | . . Leg 2 | 2 . Wheel 2 | . 2 Hover . | . . Flight . | . . Utility 2 | 1 1 Device 1 | . 1 Storage 1 | 1 . Processor . | . . Hackware . | . . Protection . | . . Artifact . | . . Weapon 5 | 2 3 Energy Gun 4 | 1 3 Energy Cannon . | . . Ballistic Gun 1 | 1 . Ballistic Cannon . | . . Launcher . | . . Special Weapon . | . . Impact Weapon . | . . Slashing Weapon . | . . Piercing Weapon . | . . Special Melee Weapon . | . . Unidentified Prototypes . | . . Parts Lost 2 | . 2 Power 1 | . 1 Propulsion . | . . Utility . | . . Weapon 1 | . 1 Highest Loss Streak 1 | . 1 To Critical Strikes . | . . Average Backups 1 | . 2 Power . | . . Propulsion . | . 1 Utility . | . . Weapon . | . . Tool/Special . | . . Unused Backups 2 | . 2 Power . | . . Propulsion 2 | . 2 Utility . | . . Weapon . | . . Tool/Special . | . . Average Slot Usage (%) 80 | . 80 Engine 13 | . 13 Leg 12 | . 12 Wheel 15 | . 15 Device 2 | . 2 Storage 14 | . 14 Energy Gun 17 | . 17 Ballistic Gun 3 | . 3 Peak Build Rating 9 | 6 9 Average Rating 6 | 4 7 On Entrance 3 | . 6 Avg Prop Armor Cover (%) 11 | . 11 Naked Turns . | . . Heaviest Build 15 | 14 15 Greatest Support 24 | 20 24 Greatest Overweight (x) 3 | 3 1 Average Overweight (x) . | . . Largest Inventory Capacity 8 | 8 8 Average Capacity 7 | 7 8 Most Carried 4 | 1 4 Average Carried 1 | . 2 Final Capacity 8 | 8 8 Final Carried 4 | 1 4 Class Distribution -------------------- 73% | Mutant 26% | Scavenger-Mutant Dominant Class ---------------- Mutant | -10/Materials Resources | -11 -10 ----------- Run | Yrd Mat Matter Collected 345 | 188 157 Remotely . | . . Salvage Created 279 | . 279 Parts 13 | . 13 Haulers Intercepted . | . . Recyclers Shooed 1 | . 1 Parts Field Recycled . | . . Retrieved Matter . | . . Parts Self-Destructed . | . . Prevented . | . . Parts Restored . | . . Kills | -11 -10 ------- Run | Yrd Mat Combat Hostiles Destroyed 8 | . 8 Guns 8 | . 8 Classes Destroyed 2 | . 2 Swarmer 2 | . 2 Grunt 6 | . 6 Best Kill Streak 2 | . 2 Combat Bots Only 2 | . 2 Max Kills in Single Turn 1 | . 1 Gunslinging . | . . Exploded . | . . Melee . | . . Uniques/NPCs Destroyed . | . . Combat | -11 -10 -------- Run | Yrd Mat Hostile Shots Fired 104 | . 104 Missed 24 | . 24 Hits 80 | . 80 Projectile 80 | . 80 Critical Strikes 1 | . 1 Damage Taken 817 | . 817 Core 251 | . 251 Absorbed by Shields . | . . Core Remaining (%) 100 | 100 . Volleys Fired 40 | . 40 Largest 2 | . 2 Hottest 105 | . 105 Shots Fired 58 | . 58 Gun 58 | . 58 Cannon . | . . Launcher . | . . Special . | . . Kinetic 5 | . 5 Thermal 45 | . 45 Explosive . | . . Electromagnetic 8 | . 8 Robot Hit Streak 11 | . 11 Robot Miss Streak 5 | . 5 Penetration Max . | . . Secondary Targets 1 | . 1 Max Gunslinging Chain 1 | . 1 Shots Hit Robots 35 | . 35 Core Hits 14 | . 14 Critical Kills . | . . Critical Parts Destroyed . | . . Critical Strikes 3 | . 3 Burn 3 | . 3 Melee Attacks . | . . Impact . | . . Slashing . | . . Piercing . | . . Sneak Attacks . | . . Combat Hostiles . | . . Follow-up Attacks . | . . Damage Inflicted 503 | . 503 Guns 503 | . 503 Cannons . | . . Explosions . | . . Melee . | . . Ramming . | . . Kinetic 42 | . 42 Thermal 381 | . 381 Explosive . | . . Electromagnetic 80 | . 80 Impact . | . . Slashing . | . . Piercing . | . . Highest Corruption . | . . Average Corruption . | . . Corruption Purged . | . . Corruption Blocked . | . . Overload Shots . | . . Overflow Damage . | . . Projectiles . | . . Explosions . | . . Melee . | . . Knockbacks . | . . Impact . | . . Kinetic . | . . Secondary . | . . Self-Inflicted Damage . | . . Shots . | . . Rammed . | . . Targets Rammed . | . . Kicked . | . . Crushed . | . . Highest Temperature 312 | . 312 Average Temperature 127 | . 127 Received Heat Transfer 291 | . 291 Effects 1 | . 1 Interference 1 | . 1 Siege Activations . | . . Martial Activations . | . . Shielding Activations . | . . Robots Disrupted . | . . Combat Hostiles . | . . Robots Corrupted . | . . Combat Hostiles . | . . Parts Fried . | . . Impact Corruptions . | . . Robots Melted . | . . Combat Hostiles . | . . Parts Melted 5 | . 5 Heat Transferred 1102 | . 1102 Parts Sabotaged . | . . Parts Stolen . | . . Parts Stripped . | . . Power Chain Reactions . | . . Alert | -11 -10 ------- Run | Yrd Mat Maximum Alert Level . | . . Low Security (%) 100 | 100 100 Level 1 . | . . Level 2 . | . . Level 3 . | . . Level 4 . | . . Level 5 . | . . High Security . | . . Max Security . | . . Peak Influence 125 | . 125 Initial . | . . Average 42 | . 50 Influence Increases 245 | . 245 Destroy 0b10 Robot/C 160 | . 160 Destroy Leader 40 | . 40 Lose Combat Pursuer 45 | . 45 Influence Decreases 130 | . 130 Time Decay 110 | . 110 Lost Part 20 | . 20 Squads Dispatched 1 | . 1 Investigation . | . . Extermination . | . . Reinforcement 1 | . 1 Assault . | . . Garrison . | . . Intercept . | . . Searches Triggered . | . . Construction Impeded . | . . Haulers Reinforced . | . . Active Scanning Responses . | . . Cargo Convoy Interrupts . | . . Stealth | -11 -10 --------- Run | Yrd Mat Distress Signals 1 | . 1 Communications Jammed . | . . Distress Signals . | . . Times Spotted 10 | . 10 Peak Tracking Total 6 | . 6 Tactical Retreats 3 | . 3 Traps | -11 -10 ------- Run | Yrd Mat Traps Triggered . | . . Indirectly . | . . Trap Hack Attempts . | . . Triggered . | . . Disarmed . | . . Reprogrammed . | . . Reused . | . . Traps Extracted . | . . Installed . | . . Triggered . | . . Machines | -11 -10 ---------- Run | Yrd Mat Machines Disabled . | . . Max in Single Turn . | . . Machines Repaired . | . . Machines Dismantled . | . . Machines Sabotaged . | . . Overloaded Fab Kills . | . . Hacking | -11 -10 --------- Run | Yrd Mat Machines Accessed . | . . Terminals . | . . Fabricators . | . . Repair Stations . | . . Recycling Units . | . . Scanalyzers . | . . Garrison Access . | . . Total Hacks . | . . Successful . | . . Failed . | . . Catastrophic . | . . Database Lockouts . | . . Manual . | . . Terminals . | . . Fabricators . | . . Repair Stations . | . . Recycling Units . | . . Scanalyzers . | . . Garrison Access . | . . Terminal Hacks . | . . Fabricator Hacks . | . . Repair Station Hacks . | . . Recycling Unit Hacks . | . . Scanalyzer . | . . Garrison Access Hacks . | . . Unauthorized Hacks . | . . Terminals . | . . Fabricators . | . . Repair Stations . | . . Recycling Units . | . . Scanalyzers . | . . Garrison Access . | . . Data Cores Recovered . | . . Used . | . . Hacking Detections . | . . Full Trace Events . | . . Feedback Events . | . . Feedback Blocked . | . . Robot Schematics Acquired . | . . Robots Built . | . . Authchips . | . . Time . | . . Total Robot Build Rating . | . . Part Schematics Acquired . | . . Parts Built . | . . Authchips . | . . Time . | . . Total Part Build Rating . | . . Part Studies Acquired . | . . Parts Repaired . | . . Time . | . . Parts Recycled . | . . Recycled Matter . | . . Retrieved Matter . | . . Retrieved Components . | . . Parts Scanalyzed . | . . Part Schematics Acquired . | . . Parts Damaged . | . . Bothacking | -11 -10 ------------ Run | Yrd Mat Used RIF Installer . | . . Robots Hacked . | . . Non-combat . | . . Combat . | . . Robot Hacks Applied . | . . Relay Couplers Released . | . . Fabnet Peak Effective % . | . . Robots Rewired . | . . Allies Hacked . | . . Hacks Repelled . | . . Allies | -11 -10 -------- Run | Yrd Mat Total Allies . | . . Largest Group . | . . Highest-Rated Group . | . . Highest-Rated Ally . | . . Total Orders . | . . Ally Attacks . | . . Total Damage . | . . Kills . | . . Allies Corrupted . | . . Allies Melted . | . . Intel | -11 -10 ------- Run | Yrd Mat Active Infowar (turns) . | . . Robot Analysis Total . | . . Derelict Logs Recovered . | . . Drone Launches . | . . Drone Recoveries . | . . Exploration | -11 -10 ------------- Run | Yrd Mat Turns Passed 316 | 49 267 Spaces Moved 158 | 29 129 Core 10 | 10 . Treads . | . . Legs 93 | 19 74 Wheels 55 | . 55 Hover . | . . Flight . | . . Fastest Speed 50 | 50 90 Average Speed 112 | 136 107 Slowest Speed 200 | 200 120 Overloaded Moves . | . . Propulsion Burnouts . | . . Robots Hopped . | . . Potential Cave-ins . | . . Cave-ins Triggered . | . . Exploration Rate (%) 11 | 4 18 Regions Visited 1 Branch Regions . Pre-discovered Areas . | . . Known Exits Taken . | . . Unknown Exits Taken 1 | 1 . Scrap Searched . | . . Spaces Dug . | . . Terrain Destroyed . | . . Melee . | . . Projectile . | . . AOE . | . . Terrain Rammed . | . . Walls Destroyed . | . . Machines Disabled . | . . Actions | -11 -10 --------- Run | Yrd Mat Total 231 | 35 196 Wait 16 | . 16 Move 157 | 28 129 Hop . | . . Pick Up 3 | 1 2 Fast Attach 9 | 6 3 Attach 1 | . 1 Detach 1 | . 1 Swap 4 | . 4 Drop . | . . Fire 40 | . 40 Melee . | . . Ram . | . . Kick . | . . Crush . | . . Escape Stasis . | . . Rewire . | . . Trap . | . . Miscellaneous . | . . Route ------- -11/Scrapyard -10/Materials History --------- Turn | Location | Event 12 | -11/Scrapyard | Discovered new exit (range 15) 50 | -11/Scrapyard | Entered Materials 242 | -10/Materials | Core integrity fell below 50% 294 | -10/Materials | Core integrity fell below 20% 317 | -10/Materials | Destroyed by S-10 Pest with Light Assault Rifle Last Messages --------------- (Burn). 00239_ Sml. Laser melted. 00239_ Ion Engine melted. 00239_ Aluminum Leg melted. 00239_ G-34 Mercenary destroyed. 00240_ Overheating: System interference. 00240_ Particle Gun temporarily disabled. 00248_ Acquired 25 matter. 00251_ Acquired Sml. Laser. 00261_ G-34 Mercenary destroyed. 00262_ Acquired 10 matter. 00263_ Acquired Heat Sink. 00265_ Acquired 10 matter. 00269_ Acquired Sml. Laser. 00271_ Acquired 10 matter. 00295_ R-06 Scavenger collects Aluminum Leg. 00296_ S-10 Pest destroyed. 00296_ Switching to secondary target: S-10 Pest. 00298_ R-06 Scavenger collects Aluminum Leg. 00308_ S-10 Pest destroyed. Map ----- +----------------------------------------------------+ | | | | | | | | | | | | | | | | | | | | | | | | | | | | | | | | | ????##############???????????????????????????????? | | ????# #???????????????????????????????? | | ????# """" #??????########?????????????????? | | ????# """" #??????#!![[ #?????##########??? | | ????? "Y" """" #??????#!![[ #?????# #??? | | ????? """ ######## #?????# #??? | | ???###########+### ## #######! #??? | | ???# [% ^ %#= #??? | | ???# o [= s r %+% #??? | | ???# % @ u ^ # #??? | | ???###########+### ###"T"######### #??? | | ????????# % ### #?#"""#???????# #??? | | ????????# #?# #?#####???????# #??? | | ????????# #?# #?????????????##########??? | | ????????# "" #?# #?????????????????????????? | | ????????# """" #?# #?????????????????????????? | | ????????# """" #?" #?????????????????????????? | | ????????# """" #"T #?????????????????????????? | | ????????# """ #"" #?????????????????????????? | | ????????# [ ### #?????????????????????????? | | ????????########/#?# #?????????????????????????? | | ???????????????# #?# +?????????????????????????? | | ???????????????# #?# #?????????????????????????? | | ???????????????# #?# #?????????????????????????? | | ?????????????? ? ??????????????????????????? | | ???????????? ??????????????????????????? | | ?????????? ??????????????????????????? | | ?????????###/#########/#?????????????????????????? | | ?????????? ??????????#?????????????????????????? | | ????????? ?????????????????????????????????????? | | ???????? ??????????????????????????????????????? | | ??????? ???????????????????????????????????????? | | ??????# ????????????????????????????????????????? | | ??????# ?????????????????????????????????????????? | +----------------------------------------------------+ Best States ------------- Heat Dissipation 35 Energy Generation 10 Energy Capacity 250 Matter Stores 300 Matter Capacity 300 Sight Range 16 Terrain Scan Density 10 Evasion (%) 55 Item Schematics ----------------- None Robot Schematics ------------------ None Fabricated ------------ Nothing Repaired ---------- Nothing Studied --------- None Alien Tech Used ----------------- None Achievements -------------- None Challenges ------------ None Game ------ Seed NanofilamentsFluxStrikerail Manual? 0 Play Time 00:06:17 Cumulative 10.7 hours Start 2026.01.28 @ 21:28:51 End 2026.01.28 @ 21:34:27 Sessions 1 Manual Loads 0 Difficulty Rogue Special Mode None Game No. 11 Rogue 11 Adventurer 0 Explorer 0 Win Type - Total 0 Types 0/0/0/0/0/0/0/0/0/0 Lore% 9 Gallery% 12 Achievement% 13 Wizard Run 0 Options --------- Layout 1 ASCII 0 Keyboard 0 Movement Mouse Keybinds 1 Fullscreen 1 Font 24/Smallcaps Map View 50x35 Zoom Use 0% Tactical HUD 1 Map Filters NONE Filters NONE Steam 1 RUN: d1347ad2-8b6c-4cc3-a81d-20069a204e3c